cohdb
Replays
Latest Replays
All Replays
Popular Replays
Top Player Replays
Match Explorer
How It Works
Community
CoH3 Stats
Reddit
Sign in to upload your games and track your stats! →
Sign in with Steam
Match 43458229
Unlisted
Match 43458229
Overview
Messages
Build Orders
End
Kradschützen Motorcycle Team
Panzergrenadier Squad
Panzergrenadier Squad
Selects Panzerjäger Kommand Battlegroup
Selects Panzerjäger Kommand Battlegroup
Selects Mine Fields
Construct Light Support Kompanie
Assault Grenadier Squad
Fire Support Elements
Selects Tank Busters
Panzerjäger Squad
Flakvierling Half-track
Pak 38 Anti-tank Gun Team
Construct Panzerarmee Kommand
2.5-tonne Medical Truck
Selects Early Warning
Selects Butterfly Bomb Drop
Walking Stuka Rocket Launcher
Butterfly Bomb Drop
Armored Reserves
Selects Crew Shock Tactics
Pak 38 Anti-tank Gun Team
Butterfly Bomb Drop
Walking Stuka Rocket Launcher
Butterfly Bomb Drop
Tiger Heavy Tank
Selects Anti-tank Overwatch
Anti-tank Overwatch
Ryan
mariopl97
JBQuib
Cpt Darling
Hans Landa
Nath88bk
JackCoded
Papa Mussolini's Pizza Service
0
0
Comments
sign in to comment!
No comments posted yet!